AoeStats
← Tyler8274

Nomad

509813426Analyzed
2v2 RM · 5d ago on Sep 28, 2026· 42m 38s· 4 players
Game mode
Random Map
Map size
176×176
Population
200
Speed
Normal
Resources
Standard
Victory
Conquest
Starting age
Dark Age
Ending age
Imperial Age
RankedLock teamsTeams togetherTeam positionsShared explorationLock speedFull tech treeHidden civsTurbo modeCheats
Victory
Defeat
🇺🇸 Huns · United States
930
+15
🇵🇪 Persians · Peru
907
+17
🇺🇸 Mongols · United States
914
-45
🇺🇸 Goths · United States
914
-45
MindFreak
6:01 Loom
15:51 Feudal Age
16:11 Double-Bit Axe
16:47 Fishing Lines
20:03 Castle Age
18:41 Scale Barding Armor
18:48 Gold Mining
20:00 Bloodlines
20:03 Forging
22:25 Wheelbarrow
23:53 Stone Mining
27:10 Hand Cart
27:19 Bow Saw
27:39 Ballistics
28:02 Iron Casting
27:31 Husbandry
26:54 Pikeman
33:41 Imperial Age
32:15 Stone Shaft Mining
31:47 Fletching
32:13 Horse Collar
32:54 Heavy Plow
33:19 Thumb Ring
33:12 Bodkin Arrow
35:04 Chemistry
33:33 Crossbowman
34:54 Halberdier
36:04 Padded Archer Armor
36:12 Squires
S1lv3r81
11:47 Loom
13:37 Feudal Age
19:06 Castle Age
20:43 Stone Mining
24:03 Town Watch
25:33 Double-Bit Axe
26:05 Marauders
27:04 Wheelbarrow
26:48 Forging
28:59 Scale Barding Armor
31:56 Iron Casting
32:23 Gold Mining
37:11 Padded Archer Armor
38:56 Gold Shaft Mining
41:57 Imperial Age
40:16 Bloodlines
40:06 Husbandry
40:22 Thumb Ring
42:45 Chain Barding Armor
43:42 Chemistry
Tyler8274
14:34 Feudal Age
15:29 Horse Collar
16:04 Man-at-Arms
23:33 Castle Age
27:33 Double-Bit Axe
27:50 Heavy Plow
32:37 Forging
32:27 Scale Mail Armor
32:31 Squires
33:33 Pikeman
Milo Thatch
10:37 Loom
15:01 Feudal Age
15:31 Horse Collar
16:51 Double-Bit Axe
23:50 Castle Age
22:16 Forging
22:07 Scale Mail Armor
25:32 Iron Casting
25:34 Heavy Plow
26:16 Thumb Ring
27:50 Gold Mining
27:27 Pikeman
28:24 Chain Mail Armor
31:22 Stone Mining
39:52 Fletching
40:03 Padded Archer Armor
Connection lost

Rejoining the realm…

Still unreachable

The connection could not be restored.

Session expired

The server has moved on; the page needs a fresh start.